 Dungeon Crawl Stone Soup version 0.18.1-48-g4cf74bf (webtiles) character file.

39 Lamnus the Chopper (level 3, -2/31 HPs)
             Began as a Minotaur Fighter on Aug 3, 2016.
             Slain by Crazy Yiuf
             ... wielding a +3 quarterstaff of chaos
              (10 damage)
             ... on level 2 of the Dungeon on Aug 20, 2016.
             The game lasted 00:05:23 (1197 turns).

Lamnus the Chopper (Minotaur Fighter)               Turns: 1197, Time: 00:05:23

Health: -2/31      AC:  6    Str: 20    XL:     3   Next: 26%
Magic:  2/2        EV:  7    Int:  6    God:
Gold:   76         SH:  9    Dex:  9    Spells: 0 memorised, 2 levels left

rFire  . . .     SeeInvis .     a - +0 war axe
rCold  . . .     Gourm    .     b - +0 scale mail
rNeg   . . .     Faith    .     c - +0 shield
rPois  .         Spirit   .     (helmet restricted)
rElec  .         Dismiss  .     (no cloak)
rCorr  .         Reflect  .     (no gloves)
SustAt .         Harm     .     (no boots)
MR     .....                    (no amulet)
Stlth  ..........               (no ring)
                                (no ring)

@: not resistant to hostile enchantments, extremely unstealthy
A: retaliatory headbutt, horns 2
a: no special abilities


You were on level 2 of the Dungeon.
You were not hungry.

You visited 1 branch of the dungeon, and saw 2 of its levels.

You collected 76 gold pieces.

Inventory:

Hand Weapons
 a - a +0 war axe (weapon)
Missiles
 o - 4 tomahawks of returning (quivered)
Armour
 b - a +0 scale mail (worn)
 c - a +0 shield (worn)
 r - a +0 chain mail
Scrolls
 g - 3 scrolls of recharging {unknown}
 k - a scroll of enchant weapon {unknown}
 p - a scroll of fog {unknown}
 q - a scroll of remove curse {unknown}
 s - a scroll of magic mapping {unknown}
Potions
 d - a potion of might
 e - a potion of beneficial mutation {unknown}
 h - a potion of degeneration {unknown}
 m - a potion of lignification {unknown}
 n - a potion of curing {unknown}
Comestibles
 f - 2 bread rations
 i - a chunk of flesh
 j - a meat ration
 l - a beef jerky


   Skills:
 - Level 3.6 Fighting
 + Level 4.5 Axes
 - Level 3.6 Armour
 - Level 3.6 Shields


You had 2 spell levels left.
You didn't know any spells.

Dungeon Overview and Level Annotations

Branches:
Dungeon (2/15)

Altars:
Cheibriados

Annotations:
D:2 Crazy Yiuf


Innate Abilities, Weirdness & Mutations

You reflexively headbutt those who attack you in melee.
You have a pair of horns on your head.


Message History

You headbutt Crazy Yiuf, but do no damage.
Crazy Yiuf is heavily wounded.
You block Crazy Yiuf's attack.
You closely miss Crazy Yiuf.
Crazy Yiuf is heavily wounded.
Crazy Yiuf hits you with a quarterstaff of chaos.
You are electrocuted!
Ouch! That really hurt!
* * * LOW HITPOINT WARNING * * *
Drink which item? (? for menu, Esc to quit)
Okay, then.
You are too injured to fight recklessly!
Your shield and scale mail prevent you from hitting Crazy Yiuf.
Crazy Yiuf is heavily wounded.
Crazy Yiuf waves his quarterstaff at you.
You block Crazy Yiuf's attack. Crazy Yiuf barely misses you.
You barely miss Crazy Yiuf.
Crazy Yiuf is heavily wounded.
Crazy Yiuf hits you with a quarterstaff of chaos!
You die...

....## #.# .. ### ###
#.# .)# #.# (.# ....
#.# .. #.... #.# (#
#......... ♣♣(
#.....##.# ♣g♣
#...#.##.## ♣♣@♣
#.......... ♣.♣♣
#...##.#)## ♣♣.♣♣
#...##...# ♣.P.♣♣
#...###.(## ♣P.PP♣
#.###...>.. #....#
#........(.
.####..#####..........
.......................
.......................


You could see Crazy Yiuf.

Vanquished Creatures
  A dart slug (D:1)
  A giant gecko (D:1)
  3 goblins
  4 hobgoblins
  10 jackals (D:1)
  5 bats
  3 kobolds
  5 rats
32 creatures vanquished.

Notes
Turn   | Place    | Note
--------------------------------------------------------------
     0 | D:1      | Lamnus the Minotaur Fighter began the quest for the Orb.
     0 | D:1      | Reached XP level 1. HP: 19/19 MP: 0/0
    91 | D:1      | Found a snail-covered altar of Cheibriados.
   154 | D:1      | Reached skill level 3 in Axes
   184 | D:1      | Reached XP level 2. HP: 26/26 MP: 1/1
   475 | D:1      | Reached skill level 4 in Axes
   530 | D:1      | Reached XP level 3. HP: 28/31 MP: 2/2
  1188 | D:2      | Noticed Crazy Yiuf
  1197 | D:2      | Slain by Crazy Yiuf

Skill      XL: |  1  2 |
---------------+-------+-----
Axes           | 3 4 |  4.5
Fighting       | |  3.6
Armour         | |  3.6
Shields        | |  3.6

Action                   || total
-------------------------++-------
Melee: War axe           ||    75
       Headbutt          ||     8
Throw: Tomahawk          ||     3
  Eat: Chunk             ||     1
Armor: Scale mail        ||    28
Dodge: Dodged            ||    24
Block: Shield            ||    36
